AoeStats
← YouveFoundJonny

African Clearing

506411675Analyzed
3v3 RM · 18d ago on Sep 13, 2026· 57m 57s· 6 players
Game mode
Random Map
Map size
Normal (6 player)
Population
200
Speed
Normal
Resources
Standard
Victory
Conquest
Starting age
Dark Age
Ending age
Imperial Age
RankedLock teamsTeams togetherTeam positionsShared explorationLock speedFull tech treeHidden civsTurbo modeCheats
Victory
Defeat
🇭🇰 Spanish · Hong Kong SAR China
1400
+12
🇭🇰 Koreans · Hong Kong SAR China
1281
+17
🇭🇰 Persians · Hong Kong SAR China
1257
+19
🇳🇱 Poles · Netherlands
1338
-17
🇬🇧 Berbers · United Kingdom
1314
-16
🇬🇧 Jurchens · United Kingdom
1287
-15
hugo0379
5:37 Loom
12:00 Feudal Age
12:25 Double-Bit Axe
12:31 Horse Collar
14:53 Forging
14:53 Scale Barding Armor
25:07 Wheelbarrow
28:30 Castle Age
27:32 Bloodlines
27:41 Gold Mining
28:57 Husbandry
31:48 Hand Cart
40:51 Chain Barding Armor
41:16 Heavy Plow
46:33 Imperial Age
47:29 Imperial Age
46:58 Gold Shaft Mining
47:19 Cavalier
48:26 Conscription
49:00 Plate Barding Armor
49:56 Guilds
49:11 Savar
52:11 Iron Casting
52:14 Kamandaran
54:14 Fletching
55:24 Blast Furnace
54:50 Heavy Camel Rider
Mano_C
4:01 Loom
13:31 Feudal Age
13:52 Feudal Age
16:22 Double-Bit Axe
20:12 Castle Age
19:04 Horse Collar
19:28 Town Watch
20:14 Fletching
21:07 Bodkin Arrow
33:55 Wheelbarrow
38:35 Hand Cart
38:33 Bow Saw
47:36 Imperial Age
45:23 Gold Mining
45:23 Stone Mining
51:15 Bracer
51:50 Conscription
52:34 Crossbowman
54:24 Arbalester
56:14 Thumb Ring
鬼見愁
12:52 Feudal Age
16:35 Castle Age
14:43 Double-Bit Axe
17:32 Fletching
22:35 Loom
26:24 Pikeman
29:25 Horse Collar
31:45 Bodkin Arrow
32:29 Wheelbarrow
35:16 Padded Archer Armor
39:07 Wheelbarrow
43:22 Imperial Age
40:46 Gold Mining
41:54 Bow Saw
43:24 Leather Archer Armor
44:57 Conscription
45:39 Two-Man Saw
44:47 Heavy Plow
45:23 Hand Cart
45:47 Stone Mining
46:23 Bracer
47:02 Husbandry
47:42 Scale Mail Armor
47:53 Forging
48:15 Ring Archer Armor
48:42 Stone Shaft Mining
47:56 Halberdier
49:16 Gambesons
49:31 Squires
49:17 Arson
49:48 Chain Mail Armor
49:43 Forging
51:23 Plate Mail Armor
51:04 Forging
50:41 Elite Conquistador
54:28 Iron Casting
56:46 Chemistry
58:20 Ballistics
YouveFoundJonny
3:39 Loom
13:33 Feudal Age
24:09 Double-Bit Axe
24:15 Gold Mining
24:08 Horse Collar
28:01 Castle Age
31:27 Forging
32:13 Scale Barding Armor
38:20 Heavy Plow
38:41 Bow Saw
44:38 Fletching
49:01 Imperial Age
51:01 Iron Casting
52:33 Chain Barding Armor
57:58 Blast Furnace
56:47 Elite Iron Pagoda
58:24 Plate Barding Armor
Ditters
8:15 Loom
12:00 Feudal Age
14:34 Double-Bit Axe
17:44 Forging
20:10 Fletching
24:59 Castle Age
23:22 Bloodlines
23:41 Gold Mining
24:06 Scale Barding Armor
24:36 Horse Collar
25:20 Stone Mining
25:24 Town Watch
25:03 Crossbowman
25:07 Light Cavalry
26:16 Chain Barding Armor
26:17 Bow Saw
27:06 Bodkin Arrow
27:38 Husbandry
34:12 Heavy Plow
38:15 Wheelbarrow
38:17 Ballistics
38:40 Thumb Ring
39:08 Padded Archer Armor
42:58 Imperial Age
41:40 Iron Casting
42:09 Hand Cart
43:48 Winged Hussar
45:31 Stone Shaft Mining
46:23 Crop Rotation
46:54 Bracer
47:34 Bracer
48:54 Chemistry
49:46 Blast Furnace
49:03 Arbalester
50:42 Leather Archer Armor
51:43 Coinage
51:42 Siege Engineers
53:17 Szlachta Privileges
53:39 Lechitic Legacy
55:35 Conscription
57:15 Banking
57:58 Masonry
WignerSeitz
12:55 Loom
14:40 Feudal Age
19:44 Castle Age
18:27 Double-Bit Axe
18:33 Horse Collar
23:02 Fletching
24:53 Bodkin Arrow
37:10 Wheelbarrow
37:35 Ballistics
45:56 Heavy Plow
46:08 Bow Saw
47:45 Padded Archer Armor
Connection lost

Rejoining the realm…

Still unreachable

The connection could not be restored.

Session expired

The server has moved on; the page needs a fresh start.